 Dungeon Crawl Stone Soup version 0.31.0-9-g3a7656b989 (webtiles) character file.

Game seed: 12256128058377063721

459 qw the Shooter (level 6, -1/33 HPs)
             Began as a Spriggan Hunter on Feb 2, 2024.
             Incinerated by a bombardier beetle (6 damage)
             ... with a burning spray
             ... on level 4 of the Dungeon.
             The game lasted 00:00:08 (2505 turns).

qw the Shooter (Spriggan Hunter)                    Turns: 2505, Time: 00:00:08

Health: -1/33      AC:  7    Str:  7    XL:     6   Next: 78%
Magic:  7/7        EV: 18    Int: 11    God:
Gold:   133        SH:  0    Dex: 20    Spells: 5/5 levels left

rFire   . . .        a - +0 shortbow
rCold   . . .        (shield currently unavailable)
rNeg    . . .        e - +0 acid dragon scales
rPois   .            (helmet restricted)
rElec   .            h - +0 cloak
rCorr   +            (gloves unavailable)
SInv    +            (boots unavailable)
Will    +....        (no amulet)
Stlth   +            (no ring)
HPRegen 0.25/turn    (no ring)
MPRegen 0.10/turn

%: no passive effects
@: on fire, glowing, very quick
A: very small, no large weapons, unfitting armour, see invisible, speed 3
a: no special abilities


You were on level 4 of the Dungeon.
You visited 1 branch of the dungeon, and saw 4 of its levels.

You collected 182 gold pieces.
You spent 49 gold pieces at shops.


Innate Abilities, Weirdness & Mutations

You are very small and have problems with some larger weapons.
You are too small for most types of armour.
You have supernaturally acute eyesight. (SInv)
You cover ground extremely quickly. (Speed+++)


   Skills:
 - Level 3.8 Fighting
 + Level 6.2 Ranged Weapons
 - Level 5.0 Dodging
 - Level 1.5 Stealth


You had 5 spell levels left.
You didn't know any spells.
Your spell library was empty.

Inventory:

Hand Weapons
 a - a +0 shortbow (weapon)
Armour
 e - +0 acid dragon scales (worn)
 h - a +0 cloak (worn)
Wands
 b - a wand of polymorph (7)
 f - a wand of mindburst (10)
Scrolls
 i - 2 scrolls of identify
 j - 2 scrolls of teleportation
Potions
 c - a potion of curing
 d - 2 potions of heal wounds
 g - a potion of haste {unknown}
 m - a potion of brilliance {unknown}

Dungeon Overview and Level Annotations

Branches:
Dungeon (4/15)
 Temple: D:4-7

Altars:
Kikubaaqudgha
Yredelemnul
Zin

Shops:
D:3 [

Annotations:
D:3 1 runed translucent door


Message History

You see here a +0 ring mail.
Found a scroll of fear.
A bombardier beetle comes into view.
You shoot an arrow. The arrow hits the bombardier beetle!
The bombardier beetle is heavily wounded.
You shoot an arrow.
The arrow hits the bombardier beetle but does no damage.
The bombardier beetle is heavily wounded.
You shoot an arrow. The arrow hits the bombardier beetle.
The bombardier beetle is severely wounded.
You shoot an arrow.
The arrow closely misses the bombardier beetle.
The bombardier beetle sprays incendiary fluid at you.
The burning spray hits you.
You are covered in liquid fire!
You shoot an arrow.
The arrow hits the bombardier beetle but does no damage.
The bombardier beetle is severely wounded.
The liquid fire burns you!
You shoot an arrow.
The arrow hits the bombardier beetle but does no damage.
The bombardier beetle is severely wounded.
The liquid fire burns you!
You shoot an arrow.
The arrow barely misses the bombardier beetle.
The liquid fire burns you!
You shoot an arrow. The arrow hits the bombardier beetle.
The bombardier beetle is severely wounded.
The liquid fire burns you!
You shoot an arrow. The arrow hits the bombardier beetle!
You kill the bombardier beetle!
The liquid fire burns you!
Your Dodging skill increases to level 5!
You are on fire!
The liquid fire burns you!
You are on fire!
The liquid fire burns you!
You are on fire!
The liquid fire burns you!
You die...

#.# ...#
#.# ###.#
#.# #.#
#[# #.#
#.# # #.#
.# #.##.##
#.#...#?..
#.@.......
###...####
#.## .# #


There were no monsters in sight!

Vanquished Creatures
  Sigmund (D:3)
  A scorpion (D:4)
  A howler monkey (D:3)
  A bombardier beetle (D:4)
  A jelly (D:4)
  Natasha (twice) (D:3)
  2 adders
  3 dart slugs
  2 orcs (D:3)
  3 ball pythons
  5 bats
  9 endoplasms
  3 giant cockroaches
  4 goblins
  6 hobgoblins
  2 jackals (D:1)
  2 quokkas (D:1)
  2 frilled lizards
  A jackal skeleton (D:3)
  3 kobolds
  A kobold skeleton (D:3)
  11 rats
66 creatures vanquished.

Notes
Turn   | Place    | Note
-------+----------+-------------------------------------------
     0 | D:1      | qw the Spriggan Hunter began the quest for the Orb.
     0 | D:1      | Reached XP level 1. HP: 10/10 MP: 2/2
     0 | D:1      | 0 ||| qw: Version: 0.3-a-155-g5e7d8dd
     0 | D:1      | 0 ||| qw: Game counter: 788
     0 | D:1      | 0 ||| qw: Melee chars always use a shield: true
     0 | D:1      | 0 ||| qw: God list: Okawaru
     0 | D:1      | 0 ||| qw: Allow faded altars: false
     0 | D:1      | 0 ||| qw: Do Orc after clearing Dungeon:15 true
     0 | D:1      | 0 ||| qw: Do second Lair branch before Depths: true
     0 | D:1      | 0 ||| qw: Lair rune preference: random
     0 | D:1      | 0 ||| qw: Goals: Normal
     0 | D:1      | 0 ||| PLANNING D:1-11
    65 | D:1      | Reached skill level 3 in Dodging
   153 | D:1      | Reached XP level 2. HP: 14/14 MP: 3/3
   527 | D:1      | Reached XP level 3. HP: 13/18 MP: 4/4
   740 | D:1      | 740 ||| READING 2 scrolls labelled WAFUYSHIJET.
   740 | D:1      | 740 ||| IDENTIFYING black potion
   741 | D:1      | 741 ||| READING scroll of identify.
   741 | D:1      | 741 ||| IDENTIFYING scroll labelled UKYDEU BOIKHI
   742 | D:1      | 742 ||| DROPPING scroll of butterflies.
   743 | D:1      | 743 ||| DROPPING potion of ambrosia.
   744 | D:1      | 744 ||| DROPPING scroll of vulnerability.
   830 | D:2      | Found a glowing silver altar of Zin.
  1498 | D:2      | Found a faded altar of an unknown god.
  1698 | D:2      | 1698 ||| UPGRADING to +0 acid dragon scales.
  1708 | D:2      | 1708 ||| DROPPING +0 robe.
  1709 | D:2      | 1709 ||| READING scroll labelled YCALEU NILI.
  1734 | D:3      | Found a runed translucent door.
  1734 | D:3      | Noticed a human
  1739 | D:3      | Found a basalt altar of Yredelemnul.
  1739 | D:3      | Found Woibareq's Armour Boutique.
  1753 | D:3      | 1753 ||| BUYING +0 cloak (49 gold).
  1753 | D:3      | Bought a +0 cloak for 49 gold pieces
  1807 | D:3      | Reached skill level 5 in Ranged Weapons
  1921 | D:3      | Reached XP level 4. HP: 22/22 MP: 5/5
  1951 | D:3      | Noticed Sigmund
  1952 | D:3      | 1952 ||| ZAPPING wand of mindburst (12) at -2,2 (Sigmund;
                  | floor).
  1953 | D:3      | 1953 ||| ZAPPING wand of mindburst (11) at -2,2 (Sigmund;
                  | floor).
  1953 | D:3      | Killed Sigmund
  1954 | D:3      | Reached skill level 3 in Fighting
  1954 | D:3      | Reached XP level 5. HP: 29/29 MP: 6/6
  2028 | D:3      | Noticed Natasha
  2033 | D:3      | Killed Natasha
  2050 | D:3      | Found the +5 Force Lance {heavy, knockback}
  2053 | D:3      | Noticed Natasha
  2059 | D:3      | Killed Natasha
  2060 | D:3      | Reached XP level 6. HP: 33/33 MP: 7/7
  2269 | D:3      | 2269 ||| UPGRADING to +0 cloak.
  2274 | D:3      | 2274 ||| READING scroll of identify.
  2274 | D:3      | 2274 ||| IDENTIFYING fuming green potion
  2275 | D:3      | 2275 ||| READING 2 scrolls labelled UBLAULL RUOG.
  2276 | D:3      | 2276 ||| READING 2 scrolls labelled RUQYLOBLISO.
  2277 | D:3      | 2277 ||| DRINKING 3 brown potions.
  2278 | D:3      | 2278 ||| DRINKING 2 golden potions.
  2279 | D:3      | 2279 ||| DROPPING potion of invisibility.
  2280 | D:3      | 2280 ||| DROPPING scroll of fear.
  2281 | D:3      | 2281 ||| DROPPING scroll of blinking.
  2384 | D:4      | Found an ancient bone altar of Kikubaaqudgha.
  2413 | D:4      | Reached skill level 6 in Ranged Weapons
  2504 | D:4      | HP: 5/33 [burnt (4)]
  2505 | D:4      | Incinerated by a bombardier beetle

Levels and vault maps discovered:
D:1:      dpeg_arrival_tiny_g, layout_loops_cross
D:2:      minmay_evil_eye, layout_loops_ring,
          ebering_ecumenical_altar_abandoned, basic_altar,
          dreamdust_princess_bridge, st_stairs_2, patterned_corridor
D:3:      layout_rooms, dk_yredelemnul_ordeal, serial_shops, shop,
          serial_bayou_lake_a, uniq_sigmund, uniq_natasha
D:4:      layout_loops_ring, mainiacjoe_overflow_catwalk_spiral,
          lemuel_round_altar

Skill      XL: |  1  2  3  4  5  6 |
---------------+-------------------+-----
Dodging        | 3 4 5 |  5.0
Ranged Weapons | 5 6 |  6.2
Fighting       | 3 |  3.8
Stealth        | |  1.5

Action                     |  1- 3 |  4- 6 || total
---------------------------+-------+-------++-------
   Fire: Shortbow          |   126 |    68 ||   194
  Evoke: Wand              |       |     2 ||     2
    Use: Scroll            |     3 |     3 ||     6
         Potion            |       |     2 ||     2
 Armour: Robe              |    13 |       ||    13
         Acid dragon scale |       |     6 ||     6
  Dodge: Dodged            |    25 |    26 ||    51

Table legend:
 A = Non-vault XP
 B = Vault XP
 C = Vault XP percentage of total XP
 D = Non-vault monster count
 E = Vault monster count
 F = Vault count percentage of total count
                 A         B        C        D         E       F
            +---------+---------+-------+---------+---------+-------
      Total |     382 |     274 |  41.8 |      55 |      11 |  16.7
            +---------+---------+-------+---------+---------+-------
        D:1 |      46 |       0 |   0.0 |      26 |       0 |   0.0
        D:2 |      18 |      11 |  37.9 |      10 |       7 |  41.2
        D:3 |     124 |     263 |  68.0 |      13 |       4 |  23.5
        D:4 |     194 |       0 |   0.0 |       6 |       0 |   0.0
            +---------+---------+-------+---------+---------+-------
